HSSL
MARIS SCHOOL MARINERS @ SPANISH FORK HS
04/05/2029
 
TOP OF THE 1ST
Maris School Mariners batting - Pitching for Spanish Fork HS : LHP Fred Spurr
Pitching: LHP Fred Spurr
Batting: LHB Alexander Randolph 0-0: Called Strike
0-1: Swinging Strike
0-2: Foul Ball, location: 2F
0-2: Foul Ball, location: 2F
0-2: Ball
1-2: Strikes out swinging
Batting: LHB Dave Booth 0-0: DOUBLE (Flyball, 78D)
Batting: RHB Neal Sánchez 0-0: Ball
1-0: Ball
2-0: Foul Ball, location: 2F
2-1: Fly out, F9 (Flyball, 9D)
Runner from 2nd tags up, SAFE at 3rd with throw
Batting: RHB Grant Reynolds 0-0: Ball
1-0: Ball
2-0: Fly out, F8 (Line Drive, 89D)
Top of the 1st over - 0 runs, 1 hit, 0 errors, 1 left on base; Maris School 0 - Spanish Fork HS 0
BOTTOM OF THE 1ST
Spanish Fork HS batting - Pitching for Maris School Mariners : RHP Matt Sloane
Pitching: RHP Matt Sloane
Batting: RHB River Sullivan 0-0: Ball
1-0: Swinging Strike
1-1: Ball
2-1: Ball
3-1: Ground out 6-3 (Groundball, 6)
Batting: RHB Thad Bauer 0-0: Ball
1-0: Called Strike
1-1: Ball
2-1: Ball
3-1: Base on Balls
Batting: RHB John Arnold 0-0: Called Strike
0-1: Swinging Strike
0-2: Ball
1-2: Strikes out looking
Batting: RHB Geoffrey Billings 0-0: Ball
1-0: Called Strike
Thad Bauer steals 2nd base
1-1: SINGLE (Line Drive, 7LS)
Thad Bauer to third
Runner from 3rd tries for Home, throw and OUT!
Bottom of the 1st over - 0 runs, 1 hit, 0 errors, 1 left on base; Maris School 0 - Spanish Fork HS 0
TOP OF THE 2ND
Maris School Mariners batting - Pitching for Spanish Fork HS : LHP Fred Spurr
Batting: SHB Rob Nelson 0-0: Ball
1-0: Called Strike
1-1: Foul Ball, location: 2F
1-2: Ball
2-2: Foul Ball, location: 2F
2-2: Ball
3-2: Foul Ball, location: 2F
3-2: Ground out 5-3 (Groundball, 56)
Batting: RHB Miguel Vargas 0-0: Fly out, F9 (Flyball, 9D)
Batting: RHB John Verville 0-0: Foul Ball, location: 2F
0-1: Called Strike
0-2: Ball
1-2: Strikes out swinging
Top of the 2nd over - 0 runs, 0 hits, 0 errors, 0 left on base; Maris School 0 - Spanish Fork HS 0
BOTTOM OF THE 2ND
Spanish Fork HS batting - Pitching for Maris School Mariners : RHP Matt Sloane
Batting: RHB David Brady 0-0: Foul Ball, location: 2F
0-1: Foul Ball, location: 2F
0-2: Ball
1-2: Strikes out swinging
Batting: RHB Octávio Ramérez 0-0: Ball
1-0: Ball
2-0: Swinging Strike
2-1: Foul Ball, location: 2F
2-2: Strikes out looking
Batting: RHB Thomas Hollis 0-0: Called Strike
0-1: Ball
1-1: Foul Ball, location: 2F
1-2: Foul Ball, location: 2F
1-2: SINGLE (Groundball, 6D)
Batting: SHB Iván Flores 0-0: Ball
1-0: Called Strike
1-1: Ball
2-1: DOUBLE (Flyball, 9LD)
Thomas Hollis to third
Runner from 3rd tries for Home, SAFE, no throw
Batting: RHB Michael MacDonald 0-0: Called Strike
0-1: Called Strike
0-2: Ball
1-2: Ball
2-2: Ball
3-2: Base on Balls
Batting: RHB River Sullivan 0-0: Ball
1-0: Ball
2-0: Ball
3-0: Base on Balls
Iván Flores to third
Michael MacDonald to second
Batting: RHB Thad Bauer 0-0: Ball
1-0: Called Strike
1-1: Ball
Wild Pitch!
Iván Flores scores
Michael MacDonald to third
River Sullivan to second
2-1: Swinging Strike
2-2: Ground out 6-3 (Groundball, 6S)
Bottom of the 2nd over - 2 runs, 2 hits, 0 errors, 2 left on base; Maris School 0 - Spanish Fork HS 2
TOP OF THE 3RD
Maris School Mariners batting - Pitching for Spanish Fork HS : LHP Fred Spurr
Batting: RHB Ed Lovett 0-0: Ball
1-0: Ball
2-0: Ball
3-0: Called Strike
3-1: Base on Balls
Batting: LHB Miguel Martínez 0-0: Swinging Strike
0-1: Ball
1-1: DOUBLE (Flyball, 8RD)
Ed Lovett to third
Batting: LHB Alexander Randolph 0-0: Ball
1-0: Ball
2-0: Foul Ball, location: 2F
2-1: Foul Ball, location: 2F
2-2: Foul Ball, location: 2F
2-2: Ball
3-2: Fly out, F6 (Line Drive, 6)
Batting: LHB Dave Booth 0-0: Foul Ball, location: 2F
0-1: Ball
1-1: Ball
2-1: Called Strike
2-2: Strikes out swinging
Batting: RHB Neal Sánchez 0-0: Ball
1-0: Ball
2-0: Ball
3-0: Base on Balls
Batting: RHB Grant Reynolds 0-0: SINGLE (Groundball, 56D)
Ed Lovett scores
Miguel Martínez to third
Neal Sánchez to second
Runner from 3rd tries for Home, SAFE, throw made home
Batting: SHB Rob Nelson 0-0: Ball
1-0: Ball
2-0: Called Strike
2-1: Ball
3-1: Swinging Strike
3-2: DOUBLE (Line Drive, 7LS)
Neal Sánchez scores
Grant Reynolds to third
Grant Reynolds scores
Batting: RHB Miguel Vargas 0-0: Ball
1-0: Called Strike
1-1: Swinging Strike
1-2: Ball
2-2: Foul Ball, location: 2F
2-2: SINGLE (Flyball, 78M)
Rob Nelson to third
Runner from 3rd tries for Home, SAFE, throw made home
Batting: RHB John Verville 0-0: Ball
1-0: Foul Ball, location: 2F
1-1: SINGLE (Groundball, 34S) (infield hit)
Miguel Vargas to second
Batting: RHB Ed Lovett 0-0: Ball
1-0: Ball
2-0: Called Strike
2-1: Foul Ball, location: 2F
2-2: Foul Ball, location: 2F
2-2: Strikes out swinging
Top of the 3rd over - 5 runs, 5 hits, 0 errors, 2 left on base; Maris School 5 - Spanish Fork HS 2
BOTTOM OF THE 3RD
Spanish Fork HS batting - Pitching for Maris School Mariners : RHP Matt Sloane
Batting: RHB John Arnold 0-0: Ball
1-0: Ball
2-0: Ball
3-0: Called Strike
3-1: Base on Balls
Batting: RHB Geoffrey Billings 0-0: Ball
1-0: Ball
2-0: Called Strike
2-1: Foul Ball, location: 2F
2-2: Ball
3-2: Foul Ball, location: 2F
3-2: Foul Ball, location: 2F
3-2: Foul Ball, location: 2F
3-2: Base on Balls
John Arnold to second
Batting: RHB David Brady 0-0: Ball
1-0: Swinging Strike
1-1: Ball
2-1: Called Strike
2-2: Strikes out swinging
Batting: RHB Octávio Ramérez 0-0: Ball
1-0: Ball
2-0: Ball
3-0: Called Strike
3-1: Foul Ball, location: 2F
3-2: Fielders Choice at 2nd, 5-4 (Groundball, 56)
John Arnold to third
Batting: RHB Thomas Hollis 0-0: Foul Ball, location: 2F
0-1: Ball
1-1: Swinging Strike
1-2: Foul Ball, location: 2F
1-2: Foul Ball, location: 2F
1-2: Ball
2-2: Ball
3-2: Base on Balls
Octávio Ramérez to second
Pitching: RHP Edgardo Hernández
Batting: SHB Iván Flores 0-0: Ball
1-0: Foul Ball, location: 2F
1-1: Ground out 4-3 (Groundball, 4)
Bottom of the 3rd over - 0 runs, 0 hits, 0 errors, 3 left on base; Maris School 5 - Spanish Fork HS 2
TOP OF THE 4TH
Maris School Mariners batting - Pitching for Spanish Fork HS : LHP Fred Spurr
Batting: LHB Miguel Martínez 0-0: Ball
1-0: Ball
2-0: Ball
3-0: Base on Balls
Batting: LHB Alexander Randolph 0-0: Ball
1-0: Ball
2-0: Called Strike
2-1: Swinging Strike
2-2: Ball
3-2: SINGLE (Groundball, 4MD)
Miguel Martínez to second
Pitching: RHP Danny Montgomery
Batting: LHB Dave Booth 0-0: Called Strike
0-1: Foul Ball, location: 2F
0-2: Ball
1-2: Foul Ball, location: 2F
1-2: Ball
2-2: Foul Ball, location: 2F
2-2: Ball
3-2: Foul Ball, location: 2F
3-2: Base on Balls
Miguel Martínez to third
Alexander Randolph to second
Batting: RHB Neal Sánchez 0-0: Ball
1-0: Ball
2-0: Foul Ball, location: 2F
2-1: GRAND SLAM HOME RUN (Flyball, 78XD), Distance : 392 ft
Pitching: RHP Stan Townsend
Batting: RHB Grant Reynolds 0-0: Ball
1-0: Ball
2-0: Called Strike
2-1: Foul Ball, location: 2F
2-2: Foul Ball, location: 2F
2-2: Fly out, F9 (Flyball, 9)
Batting: SHB Rob Nelson 0-0: Ground out 1-3 (Groundball, 13)
Batting: RHB Miguel Vargas 0-0: Ball
1-0: Foul Ball, location: 2F
1-1: Foul Ball, location: 2F
1-2: Foul Ball, location: 2F
1-2: Ball
2-2: Foul Ball, location: 2F
2-2: Ball
3-2: SINGLE (Flyball, 7S)
Batting: RHB John Verville 0-0: Swinging Strike
0-1: Called Strike
0-2: Ball
1-2: Fly out, F7 (Flyball, 7S)
Top of the 4th over - 4 runs, 3 hits, 0 errors, 1 left on base; Maris School 9 - Spanish Fork HS 2
BOTTOM OF THE 4TH
Spanish Fork HS batting - Pitching for Maris School Mariners : RHP Marc Parker
Pitching: RHP Marc Parker
Batting: RHB Michael MacDonald 0-0: Ball
1-0: Called Strike
1-1: Ball
2-1: Ground out 4-3 (Groundball, 34)
Batting: RHB River Sullivan 0-0: Called Strike
0-1: Ball
1-1: Called Strike
1-2: Ball
2-2: Ball
3-2: Fly out, F9 (Flyball, 9LSF)
Batting: RHB Thad Bauer 0-0: Foul Ball, location: 2F
0-1: SINGLE (Line Drive, 9S)
Batting: RHB John Arnold 0-0: Swinging Strike
0-1: Ball
1-1: Called Strike
1-2: Strikes out swinging
Bottom of the 4th over - 0 runs, 1 hit, 0 errors, 1 left on base; Maris School 9 - Spanish Fork HS 2
TOP OF THE 5TH
Maris School Mariners batting - Pitching for Spanish Fork HS : RHP Stan Townsend
Batting: RHB Ed Lovett 0-0: Ball
1-0: SINGLE (Groundball, 13) (infield hit)
Batting: LHB Miguel Martínez 0-0: Foul Ball, location: 2F
0-1: Foul Ball, location: 2F
0-2: SINGLE (Flyball, 89S)
Ed Lovett to second
Batting: LHB Alexander Randolph 0-0: Fly out, F7 (Flyball, 78M)
Batting: LHB Dave Booth 0-0: Foul Ball, location: 2F
0-1: Foul Ball, location: 2F
0-2: Ball
1-2: Strikes out swinging
Batting: RHB Neal Sánchez 0-0: Called Strike
0-1: Called Strike
0-2: Ball
1-2: Ball
2-2: 3-RUN HOME RUN (Flyball, 7D), Distance : 359 ft
Batting: RHB Grant Reynolds 0-0: Swinging Strike
0-1: Ball
1-1: Foul Ball, location: 2F
1-2: Foul Ball, location: 2F
1-2: Ball
2-2: Strikes out swinging
Top of the 5th over - 3 runs, 3 hits, 0 errors, 0 left on base; Maris School 12 - Spanish Fork HS 2
BOTTOM OF THE 5TH
Spanish Fork HS batting - Pitching for Maris School Mariners : RHP Marc Parker
Batting: RHB Geoffrey Billings 0-0: Ball
1-0: Foul Ball, location: 2F
1-1: Ball
2-1: Called Strike
2-2: Ground out 3-1 (Groundball, 34S)
Batting: RHB David Brady 0-0: Swinging Strike
0-1: Ball
1-1: SOLO HOME RUN (Flyball, 7LD), Distance : 338 ft
Batting: RHB Octávio Ramérez 0-0: TRIPLE (Flyball, 78XD)
Batting: RHB Thomas Hollis 0-0: Ball
1-0: Called Strike
1-1: Foul Ball, location: 2F
1-2: Strikes out swinging
Batting: SHB Iván Flores 0-0: Called Strike
0-1: Fly out, F9 (Flyball, 9LS)
Bottom of the 5th over - 1 run, 2 hits, 0 errors, 1 left on base; Maris School 12 - Spanish Fork HS 3
TOP OF THE 6TH
Maris School Mariners batting - Pitching for Spanish Fork HS : RHP Stan Townsend
Batting: SHB Rob Nelson 0-0: Foul Ball, location: 2F
0-1: Ball
1-1: Ball
2-1: Ball
3-1: Foul Ball, location: 2F
3-2: Base on Balls
Batting: RHB Miguel Vargas 0-0: Ball
1-0: Swinging Strike
1-1: Fly out, F5 (Popup, 5SF)
Batting: RHB John Verville 0-0: Called Strike
0-1: SINGLE (Groundball, 6MS) (infield hit)
Rob Nelson to second
Batting: RHB Ed Lovett 0-0: Ball
1-0: Grounds into double play, 4-6-3 (Groundball, 34)
Top of the 6th over - 0 runs, 1 hit, 0 errors, 1 left on base; Maris School 12 - Spanish Fork HS 3
BOTTOM OF THE 6TH
Spanish Fork HS batting - Pitching for Maris School Mariners : RHP Marc Parker
Batting: RHB Michael MacDonald 0-0: Foul Ball, location: 2F
0-1: Ball
1-1: Foul Ball, location: 2F
1-2: Strikes out looking
Batting: RHB River Sullivan 0-0: Called Strike
0-1: Ball
1-1: Ball
2-1: Ball
3-1: Base on Balls
Batting: RHB Thad Bauer 0-0: Ball
1-0: Ball
2-0: Foul Ball, location: 2F
2-1: Fly out, F9 (Flyball, 9S)
Batting: RHB John Arnold 0-0: Fielders Choice at 2nd, U6 (Groundball, 6M)
Bottom of the 6th over - 0 runs, 0 hits, 0 errors, 1 left on base; Maris School 12 - Spanish Fork HS 3
TOP OF THE 7TH
Maris School Mariners batting - Pitching for Spanish Fork HS : RHP Stan Townsend
Batting: LHB Miguel Martínez 0-0: Ball
1-0: Ball
2-0: Called Strike
2-1: Ball
3-1: Base on Balls
Pitching: LHP Steve Johnston
Batting: LHB Alexander Randolph 0-0: Swinging Strike
0-1: Foul Ball, location: 2F
0-2: Ball
1-2: Foul Ball, location: 2F
1-2: Foul Ball, location: 2F
1-2: Foul Ball, location: 2F
1-2: Ball
2-2: Ball
3-2: Base on Balls
Miguel Martínez to second
Batting: LHB Dave Booth 0-0: Ball
Wild Pitch!
Miguel Martínez to third
Alexander Randolph to second
1-0: Foul Ball, location: 2F
1-1: SINGLE (Groundball, 34) (infield hit)
Miguel Martínez scores
Alexander Randolph to third
Pinch Hitting: RHB Dusty Pope 0-0: Called Strike
0-1: Foul Ball, location: 2F
0-2: Ball
1-2: SINGLE (Groundball, 56D)
Alexander Randolph scores
Dave Booth to second
Batting: RHB Grant Reynolds 0-0: Ball
1-0: Fly out, F7 (Flyball, 7S)
Batting: SHB Rob Nelson 0-0: Ball
1-0: Foul Ball, location: 2F
1-1: SINGLE (Line Drive, 89S)
Dave Booth to third
Dusty Pope to second
Batting: RHB Miguel Vargas 0-0: Called Strike
0-1: Foul Ball, location: 2F
0-2: Ball
1-2: Strikes out looking
Batting: RHB John Verville 0-0: Called Strike
0-1: Ball
1-1: Called Strike
1-2: Ball
2-2: Fly out, F3 (Popup, 34S)
Top of the 7th over - 2 runs, 3 hits, 0 errors, 3 left on base; Maris School 14 - Spanish Fork HS 3
BOTTOM OF THE 7TH
Spanish Fork HS batting - Pitching for Maris School Mariners : RHP Marc Parker
Now in LF: Dusty Pope
Batting: RHB Geoffrey Billings 0-0: Swinging Strike
0-1: Ball
1-1: Called Strike
1-2: Fly out, F7 (Line Drive, 78M)
Batting: RHB David Brady 0-0: Foul Ball, location: 2F
0-1: Ball
1-1: Foul Ball, location: 2F
1-2: Ball
2-2: Ball
3-2: Base on Balls
Pitching: LHP Juan Gallegos
Batting: RHB Octávio Ramérez 0-0: Called Strike
0-1: Called Strike
0-2: Strikes out swinging
Batting: RHB Thomas Hollis 0-0: Ball
David Brady is caught stealing 2nd base
Bottom of the 7th over - 0 runs, 0 hits, 0 errors, 0 left on base; Maris School 14 - Spanish Fork HS 3
TOP OF THE 8TH
Maris School Mariners batting - Pitching for Spanish Fork HS : LHP Steve Johnston
Batting: RHB Ed Lovett 0-0: Called Strike
0-1: Ball
1-1: Ground out 5-3 (Groundball, 56)
Batting: LHB Miguel Martínez 0-0: Foul Ball, location: 2F
0-1: SINGLE (Groundball, 4D)
Batting: LHB Alexander Randolph 0-0: Ball
1-0: Ball
2-0: Foul Ball, location: 2F
2-1: SINGLE (Groundball, 3) (infield hit)
Miguel Martínez to second
Batting: LHB Dave Booth 0-0: Swinging Strike
0-1: Ball
1-1: Ball
2-1: Fly out, F7 (Flyball, 7D)
Runner from 2nd tags up, SAFE at 3rd, no throw
Batting: RHB Dusty Pope 0-0: Ball
1-0: Fly out, F7 (Flyball, 78D)
Top of the 8th over - 0 runs, 2 hits, 0 errors, 2 left on base; Maris School 14 - Spanish Fork HS 3
BOTTOM OF THE 8TH
Spanish Fork HS batting - Pitching for Maris School Mariners : LHP Juan Gallegos
Batting: RHB Thomas Hollis 0-0: Ball
1-0: Called Strike
1-1: Swinging Strike
1-2: Ball
2-2: Strikes out looking
Batting: SHB Iván Flores 0-0: Called Strike
0-1: Foul Ball, location: 2F
0-2: Strikes out swinging
Batting: RHB Michael MacDonald 0-0: Foul Ball, location: 2F
0-1: Ball
1-1: Fly out, F9 (Flyball, 9S)
Bottom of the 8th over - 0 runs, 0 hits, 0 errors, 0 left on base; Maris School 14 - Spanish Fork HS 3
TOP OF THE 9TH
Maris School Mariners batting - Pitching for Spanish Fork HS : LHP Steve Johnston
Pinch Hitting: SHB Albert Montgomery 0-0: Ball
1-0: Foul Ball, location: 2F
1-1: Ball
2-1: Called Strike
2-2: Strikes out swinging
Batting: SHB Rob Nelson 0-0: Ball
1-0: Ball
2-0: DOUBLE (Line Drive, 7D)
Batting: RHB Miguel Vargas 0-0: Ball
1-0: Ball
2-0: Swinging Strike
2-1: SINGLE (Line Drive, 78S)
Rob Nelson to third
Runner from 3rd tries for Home, SAFE, no throw
Pitching: RHP Curt Pineda
Batting: RHB John Verville 0-0: Ball
Miguel Vargas steals 2nd base
1-0: Fly out, F3 (Popup, 34)
Batting: RHB Ed Lovett 0-0: Called Strike
0-1: Foul Ball, location: 2F
0-2: Strikes out looking
Top of the 9th over - 1 run, 2 hits, 0 errors, 1 left on base; Maris School 15 - Spanish Fork HS 3
BOTTOM OF THE 9TH
Spanish Fork HS batting - Pitching for Maris School Mariners : LHP Juan Gallegos
Now at 1B: Albert Montgomery
Batting: RHB River Sullivan 0-0: Foul Ball, location: 2F
0-1: Foul Ball, location: 2F
0-2: Ground out 5-3 (Groundball, 5)
Batting: RHB Thad Bauer 0-0: Called Strike
0-1: Ground out U3 (Groundball, 3)
Batting: RHB John Arnold 0-0: Called Strike
0-1: Fly out, F8 (Line Drive, 8LM)
Bottom of the 9th over - 0 runs, 0 hits, 0 errors, 0 left on base; Maris School 15 - Spanish Fork HS 3
Saturday, December 16th, 2017 - OOTP Baseball 18.8 Build 76